 Dungeon Crawl Stone Soup version 0.26-a0-651-gb41185065b (webtiles) character file.

Game seed: 14480814015998843644

112 Flugslaktarn the Skirmisher (level 4, -2/37 HPs)
             Began as a Merfolk Fighter on Oct 28, 2020.
             Was an Initiate of Cheibriados.
             Slain by Natasha (4 damage)
             ... on level 2 of the Dungeon.
             The game lasted 00:01:07 (1937 turns).

Flugslaktarn the Skirmisher (Merfolk Fighter)       Turns: 1937, Time: 00:01:08

Health: -2/37      AC:  6    Str: 17    XL:     4   Next: 93%
Magic:  0/4        EV:  9    Int:  8    God:    Cheibriados [......]
Gold:   96         SH:  9    Dex: 15    Spells: 3/3 levels left

rFire    . . .     SeeInvis .   a - +0 war axe
rCold    . . .     Faith    .   c - +0 kite shield
rNeg     . . .     Spirit   +   b - +0 scale mail
rPois    .         Reflect  .   (no helmet)
rElec    .         Harm     .   (no cloak)
rCorr    .         Rampage  .   (no gloves)
MR       .....                  (no boots)
Stlth    ..........             j - amulet of guardian spirit
HPRegen  0.12/turn              n - ring of wizardry
MPRegen  0.09/turn              (no ring)

@: slow
A: change form in water, swift swim, stealthy swim
a: Bend Time, Renounce Religion


You were on level 2 of the Dungeon.
You worshipped Cheibriados.
Cheibriados was noncommittal.
You visited 1 branch of the dungeon, and saw 2 of its levels.

You collected 96 gold pieces.

Inventory:

Hand Weapons
 a - a +0 war axe (weapon)
Armour
 b - a +0 scale mail (worn)
 c - a +0 kite shield (worn)
Jewellery
 j - an amulet of guardian spirit (around neck)
   (You found it on level 1 of the Dungeon)
 n - a ring of wizardry (left hand)
   (You found it on level 2 of the Dungeon)
Scrolls
 f - 2 scrolls of identify {unknown}
 g - a scroll of enchant weapon {unknown}
 i - a scroll of random uselessness {unknown}
 l - a scroll of fog {unknown}
Potions
 d - a potion of might
 e - 2 potions of degeneration {unknown}
 h - a potion of flight {unknown}
 k - 2 potions of brilliance {unknown}
 m - a potion of heal wounds {unknown}
 o - a potion of stabbing {unknown}


   Skills:
 + Level 4.1 Fighting
 + Level 2.4 Axes
 - Level 2.1 Armour
 * Level 4.0 Dodging
 - Level 3.0 Shields


You had 3 spell levels left.
You didn't know any spells.
Your spell library was empty.

Dungeon Overview and Level Annotations

Branches:
Dungeon (2/15)

Altars:
Cheibriados

Annotations:
D:2 Natasha


Message History

The crimson imp lashes its tail.
The crimson imp hits you but does no damage.
The shadow imp gestures at you. Pain shoots through your body!
* * * LOW HITPOINT WARNING * * *
Natasha barely misses you.
Unknown command.
You barely miss Natasha.
Natasha is almost dead.
You hit the shadow imp but do no damage.
You hit the crimson imp. The crimson imp misses you.
You block the shadow imp's attack. You block Natasha's attack.
Unknown command.
You hit Natasha but do no damage.
Natasha is almost dead.
You slash the shadow imp!
You kill the shadow imp!
You miss the crimson imp. You barely miss the crimson imp.
The crimson imp barely misses you. Natasha claws you.
You die...

.......#.#
#...........).....####
.......#.# #####..#..........#
.......#.# ##.#..........#
#####..#.########............#
#.....#...................#
####.....'.........>.........#
.........#...................#
###.#..###.....h.......#######
.......# #.....5@......#
###....# #......5......#
...##### #.............# ...#
#.............#
...#######.............#
.......................#
.......................#
#......................##
#............#..........#


You could see Natasha and 2 crimson imps.

Vanquished Creatures
  Natasha (twice) (D:2)
  An adder (D:2)
  An ooze (D:2)
  A worm (D:2)
  2 dart slugs
  5 bats
  3 giant cockroaches
  4 goblins
  4 hobgoblins
  3 quokkas (D:2)
  A ball python (D:1)
  4 frilled lizards
  6 kobolds
  8 rats
45 creatures vanquished.

Notes
Turn   | Place    | Note
-------+----------+-------------------------------------------
     0 | D:1      | Flugslaktarn the Merfolk Fighter began the quest for the
                  | Orb.
     0 | D:1      | Reached XP level 1. HP: 18/18 MP: 1/1
    35 | D:1      | Reached skill level 1 in Dodging
   185 | D:1      | Reached XP level 2. HP: 17/24 MP: 2/2
   871 | D:2      | Reached XP level 3. HP: 16/29 MP: 1/3
  1379 | D:2      | Reached XP level 4. HP: 37/37 MP: 4/4
  1414 | D:2      | Found a snail-covered altar of Cheibriados.
  1483 | D:2      | Noticed Natasha
  1494 | D:2      | Killed Natasha
  1527 | D:2      | Became a worshipper of Cheibriados the Contemplative
  1714 | D:2      | Noticed Natasha
  1721 | D:2      | Killed Natasha
  1921 | D:2      | Noticed Natasha
  1937 | D:2      | Slain by Natasha

Illustrated notes

Levels and vault maps discovered:
D:1:      mrwooster_arrival_arrow, layout_basic
D:2:      layout_basic, cheibriados_altar_1, uniq_natasha

Skill      XL: |  1  2  3  4 |
---------------+-------------+-----
Dodging        | 1 2 3 4 |  4.0
Axes           | 2 |  2.4
Fighting       | 4 |  4.1
Armour         | |  2.1
Shields        | |  3.0

Action                   |  1- 3 |  4- 6 || total
-------------------------+-------+-------++-------
Melee: War axe           |   114 |    36 ||   150
Armor: Scale mail        |    53 |    14 ||    67
Dodge: Dodged            |    43 |    20 ||    63
Block: Kite shield       |    76 |    24 ||   100

Table legend: (Time is in decaauts)
 A = Elapsed time spent in this place.
 B = Non-inter-level travel time spent in this place.
 C = Inter-level travel time spent in this place.
 D = Time resting spent in this place.
 E = Time spent auto-exploring this place.
 F = Levels seen in this place.
 G = Mean time per level.
                   A        B        C        D        E       F      G
               +--------+--------+--------+--------+--------+-----+--------+
         Total |   2042 |   1922 |    120 |      9 |   1543 |   2 | 1021.0 |
       Dungeon |   2042 |   1922 |    120 |      9 |   1543 |   2 | 1021.0 |
               +--------+--------+--------+--------+--------+-----+--------+

Top non-repeatable levels by time:
     D:2: 1172 daAuts
     D:1: 869 daAuts
